 Dungeon Crawl Stone Soup version 0.22.1-2-g9c5b331 (webtiles) character file.

4869 Fang the Cleaver (level 10, -11/63 HPs)
             Began as a Gargoyle Berserker on Nov 12, 2018.
             Was a High Priest of Trog.
             Mangled by an enormous slime creature (69 damage)
             ... on level 9 of the Dungeon on Nov 13, 2018.
             The game lasted 00:17:54 (10947 turns).

Fang the Cleaver (Gargoyle Berserker)              Turns: 10947, Time: 00:17:55

Health: -11/63     AC: 17    Str: 23    XL:     10   Next: 50%
Magic:  3/3        EV: 13    Int:  9    God:    Trog [*****.]
Gold:   279        SH:  5    Dex:  9    Spells: 9/9 levels left

rFire    . . .     SeeInvis +   d - +5 broad axe (antimagic)
rCold    . . .     Gourm    .   (no shield)
rNeg     + . .     Faith    .   g - +1 ring mail
rPois    ∞         Spirit   .   k - +0 hat {SInv}
rElec    +         Reflect  +   v - +2 cloak
rCorr    .         Harm     .   (no gloves)
MR       .....                  (no boots)
Stlth    +.........             w - +5 amulet of reflection
HPRegen  0.20/turn              (no ring)
MPRegen  0.08/turn              (no ring)

@: no status effects
A: negative energy resistance 1, electricity resistance, unbreathing,
petrification resistance, rot immunity, AC +7
a: Berserk, Trog's Hand, Brothers in Arms, Renounce Religion


You were on level 9 of the Dungeon.
You worshipped Trog.
Trog was extremely pleased with you.
You were not hungry.

You visited 2 branches of the dungeon, and saw 10 of its levels.
You also visited: Ossuary.

You collected 399 gold pieces.
You spent 120 gold pieces at shops.

Inventory:

Hand Weapons
 d - a +5 antimagic broad axe (weapon)
 E - a +1 war axe
Armour
 g - a +1 ring mail (worn)
 k - a +0 hat of see invisible (worn)
 v - a +2 cloak (worn)
Jewellery
 w - a +5 amulet of reflection (around neck)
Wands
 p - a wand of disintegration (9)
 y - a wand of flame (25)
 C - a wand of iceblast (18)
 D - a wand of digging (11)
Scrolls
 a - 3 scrolls of blinking
 f - 2 scrolls of fog
 i - 4 scrolls of remove curse
 n - 7 scrolls of teleportation
 u - a scroll of magic mapping
 x - 2 scrolls of enchant armour
Potions
 b - 3 potions of might
 e - 5 potions of agility
 j - 4 potions of flight
 m - a potion of brilliance
 q - a potion of resistance
 r - a potion of ambrosia
 s - 4 potions of lignification
 t - 2 potions of curing
 z - 5 potions of heal wounds
 A - a potion of cancellation
 G - 3 potions of haste
 H - a potion of berserk rage
Comestibles
 c - 17 rations


   Skills:
 + Level 7.6 Fighting
 + Level 10.5 Axes
 + Level 6.5 Armour
 + Level 4.9 Dodging
 + Level 1.6 Stealth


You had 9 spell levels left.
You didn't know any spells.
Your spell library was empty.

Dungeon Overview and Level Annotations

Branches:
Dungeon (9/15)             Temple (1/1) D:5
   Lair: D:8-11         Orc: D:9-12

Altars:
Ashenzari
Dithmenos
Gozag
Nemelex Xobeh
Qazlal
Sif Muna
Trog
Wu Jian

Shops:
D:8 !(

Annotations:
D:7 exclusion: oklob plant


Innate Abilities, Weirdness & Mutations

You are resistant to torment.
Your stone body is resilient. (AC +7)
You are immune to poison.
You resist negative energy. (rN+)
You are resistant to electric shocks. (rElec)
You can survive without breathing.
You are immune to petrification.
You are immune to rotting.


Message History

You slash the very large slime creature!
The very large slime creature is moderately wounded.
You hit the slime creature.
The centaur unwields an uncursed shortbow.
The centaur barely misses you.
Two slime creatures merge to form an enormous slime creature.
You block the slime creature's attack.
All of the chunks of flesh in your inventory have rotted away.
You slash the enormous slime creature!
The enormous slime creature is lightly wounded.
You slash the slime creature! You hit the centaur.
You block the enormous slime creature's attack.
The centaur hits you but does no damage.
The slime creature hits you.
You hit the slime creature.
The slime creature is heavily wounded.
You closely miss the centaur. You slash the enormous slime creature!
You block the centaur's attack. The enormous slime creature hits you!!!
Ouch! That really hurt!
You die...

# #....## ##
##....## .##
##......#
..####...##..##
#...#...#####(##
##.....## ##(##
#....## ##(###
##...# ##(c##
....# #@J.#
.....( ##J..#
........ J..#
......... ...#
.......... ...#
...# ...# ....


You could see an enormous slime creature, 2 slime creatures and a centaur.

Vanquished Creatures
  Grinder (D:5)
  A wyvern (D:8)
  3 yaks
  Eustachio (D:5)
  2 hungry ghosts
  3 orc warriors
  A sky beast (D:5)
  A black bear (D:9)
  6 ogres
  A centaur (D:7)
  An elf zombie (Ossuary)
  A gnoll sergeant (D:5)
  4 bullfrogs
  A wyvern zombie (D:9)
  6 scorpions
  A troll zombie (Ossuary)
  7 wights
  2 crimson imps
  9 jellies
  6 orc wizards
  An orc priest (D:8)
  4 hounds
  Crazy Yiuf (D:3)
  A bullfrog skeleton (D:4)
  Jessica (D:2)
  An iguana (D:5)
  6 worker ants
  Ijyb (D:5)
  4 ogre zombies (Ossuary)
  A hound zombie (D:8)
  2 hound skeletons
  7 mummies (Ossuary)
  A howler monkey zombie (D:7)
  6 gnolls (D:5)
  8 adders
  5 shadow imps
  14 oozes
  6 adder zombies
  An adder skeleton (D:4)
  3 worms
  3 dart slugs
  A leopard gecko (D:3)
  22 orcs
  13 bats
  11 giant cockroaches
  17 goblins
  14 hobgoblins
  10 jackals
  5 quokkas
  5 ball pythons
  7 frilled lizards
  7 goblin zombies (Ossuary)
  3 hobgoblin zombies (Ossuary)
  11 kobolds
  3 kobold zombies (Ossuary)
  An orc zombie (Ossuary)
  A quokka skeleton (D:9)
  5 quokka zombies (Ossuary)
  8 rats
  2 rat zombies (Ossuary)
281 creatures vanquished.

Vanquished Creatures (others)
  5 fungi (D:7)
5 creatures vanquished.

Grand Total: 286 creatures vanquished

Notes
Turn   | Place    | Note
-------+----------+-------------------------------------------
     0 | D:1      | Fang the Gargoyle Berserker began the quest for the Orb.
     0 | D:1      | Reached XP level 1. HP: 14/14 MP: 1/1
    76 | D:1      | Reached XP level 2. HP: 15/19 MP: 2/2
   119 | D:1      | Reached skill level 3 in Axes
   386 | D:1      | Reached XP level 3. HP: 22/24 MP: 3/3
   461 | D:1      | Found a shattered altar of Ashenzari.
   466 | D:1      | Reached ** piety under Trog
  1049 | D:2      | Reached skill level 4 in Axes
  1049 | D:2      | Reached XP level 4. HP: 29/29 MP: 4/4
  1350 | D:2      | Found a stormy altar of Qazlal.
  1651 | D:2      | Noticed Jessica
  1665 | D:2      | Reached XP level 5. HP: 33/33 MP: 5/5
  1666 | D:2      | Killed Jessica
  2166 | D:3      | Found a runed door.
  2675 | D:3      | Reached *** piety under Trog
  3090 | D:3      | Noticed Crazy Yiuf
  3095 | D:3      | Killed Crazy Yiuf
  3188 | D:4      | Reached XP level 6. HP: 39/39 MP: 6/6
  3458 | D:4      | Found an opulent altar of Gozag.
  3462 | D:4      | Found a shadowy altar of Dithmenos.
  3462 | D:4      | Found a stormy altar of Qazlal.
  3462 | D:4      | Found a bloodstained altar of Trog.
  3464 | D:4      | Found a deep blue altar of Sif Muna.
  3466 | D:4      | Found a sparkling altar of Nemelex Xobeh.
  3927 | D:5      | Entered Level 5 of the Dungeon
  3954 | D:5      | Noticed a sky beast
  3977 | D:5      | Killed a sky beast
  3977 | D:5      | Reached skill level 5 in Axes
  3977 | D:5      | Reached XP level 7. HP: 40/44 MP: 7/7
  4069 | D:5      | Found a staircase to the Ecumenical Temple.
  4086 | D:5      | Found a faded altar of an unknown god.
  4106 | Temple   | Entered the Ecumenical Temple
  4232 | D:5      | Noticed Grinder
  4249 | D:5      | Killed Grinder
  4249 | D:5      | Reached skill level 5 in Fighting
  4249 | D:5      | Reached skill level 6 in Axes
  4383 | D:5      | Reached XP level 8. HP: 49/49 MP: 8/8
  4650 | D:5      | Noticed Ijyb
  4666 | D:5      | Killed Ijyb
  4726 | D:5      | Noticed Eustachio
  4809 | D:5      | Killed Eustachio
  5377 | D:5      | Reached skill level 7 in Axes
  5623 | D:6      | Reached **** piety under Trog
  5631 | D:6      | Reached skill level 5 in Armour
  6024 | D:6      | Found an ornate altar of the Wu Jian Council.
  6224 | D:6      | Found a shattered altar of Ashenzari.
  6534 | D:7      | Reached XP level 9. HP: 49/55 MP: 9/9
  6698 | D:7      | Reached skill level 1 in Stealth
  6910 | D:7      | Reached skill level 8 in Axes
  7026 | D:7      | Reached ***** piety under Trog
  7119 | D:7      | Noticed an oklob plant
  7229 | D:7      | Found a sand-covered staircase.
  7237 | Ossuary  | Entered an ossuary
  7932 | D:7      | Reached skill level 9 in Axes
  8728 | D:8      | Found Seijod's Distillery.
  9032 | D:8      | Bought a potion of heal wounds for 60 gold pieces
  9032 | D:8      | Bought a potion of heal wounds for 60 gold pieces
  9138 | D:8      | Found a deep blue altar of Sif Muna.
  9201 | D:8      | Reached XP level 10. HP: 60/61 MP: 10/10
  9366 | D:8      | Reached skill level 10 in Axes
 10007 | D:8      | Found Rainenent's Antique Weapon Emporium.
 10689 | D:9      | Received a gift from Trog
 10947 | D:9      | Mangled by an enormous slime creature

Skill      XL: |  1  2  3  4  5  6  7  8  9 10 |
---------------+-------------------------------+-----
Axes           | 3 4 5 6 7 9 10 | 10.5
Fighting       | 4 5 6 7 |  7.6
Dodging        | 2 3 4 |  4.9
Armour         | 3 4 5 6 |  6.5
Stealth        | 1 |  1.6

Action                   |  1- 3 |  4- 6 |  7- 9 | 10-12 || total
-------------------------+-------+-------+-------+-------++-------
Melee: Hand axe          |   145 |   262 |   242 |       ||   649
       War axe           |       |       |   356 |   125 ||   481
       Trident           |       |       |       |    31 ||    31
       Broad axe         |       |       |       |    16 ||    16
Invok: Berserk           |       |     2 |     3 |     2 ||     7
  Use: Scroll            |       |       |    24 |     1 ||    25
 Stab: Sleeping          |     1 |       |       |       ||     1
  Eat: Chunk             |     1 |    10 |    19 |     8 ||    38
       Ration            |       |       |     1 |     1 ||     2
Armor: Animal skin       |    24 |       |       |       ||    24
       Ring mail         |    49 |   172 |   274 |    71 ||   566
Dodge: Dodged            |    95 |   180 |   379 |    92 ||   746
Block: Other             |       |       |    10 |    31 ||    41
       Reflection        |       |       |       |     1 ||     1
